 Dungeon Crawl Stone Soup version 0.20-a0-33-g996f6e0 (webtiles) character file.

3199 GlassEater the Fighter (level 10, 0/82 HPs)
             Began as a Formicid Fighter on Nov 9, 2016.
             Was a Follower of Ashenzari.
             Slain by a bullfrog (5 damage)
             ... on level 7 of the Dungeon.
             The game lasted 00:18:07 (8575 turns).

GlassEater the Fighter (Formicid Fighter)           Turns: 8575, Time: 00:18:08

Health: 0/82       AC:  9    Str: 23    XL:     10   Next: 17%
Magic:  10/10      EV:  4    Int:  7    God:    Ashenzari [*.....]
Gold:   228        SH: 11    Dex: 12    Spells: 0 memorised, 9 levels left

rFire  . . .     SeeInvis +     H - +0 morningstar (curse)
rCold  + . .     Gourm    .     y - +0 chain mail (curse)
rNeg   . . .     Faith    .     c - +0 shield (curse)
rPois  +         Spirit   .     (helmet unavailable)
rElec  .         Reflect  .     (no cloak)
rCorr  .         Harm     .     g - +0 pair of gloves (curse)
MR     +....                    (no boots)
Stlth  ..........               (no amulet)
                                (no ring)
                                C - ring of protection from cold (curse)

@: very heavily drained
A: permanent stasis, dig shafts and tunnels, four strong arms, antennae 3, large
bone plates 1, poison resistance, wild magic 1
a: Dig, Shaft Self, Curse Item, Scrying, Renounce Religion


You were on level 7 of the Dungeon.
You worshipped Ashenzari.
Ashenzari was aware of your devotion.
You were not hungry.

You visited 2 branches of the dungeon, and saw 8 of its levels.
You also visited: Ossuary.

You collected 228 gold pieces.

Inventory:

Hand Weapons
 H - a cursed +0 morningstar (weapon)
Missiles
 t - a throwing net (quivered)
 F - 3 tomahawks of returning
Armour
 c - a cursed +0 shield (worn)
 g - a cursed +0 pair of gloves (worn)
 y - a cursed +0 chain mail (worn)
Jewellery
 C - a cursed ring of protection from cold (left hand)
Wands
 x - a wand of iceblast (7/15)
 D - a wand of flame (21/48)
Scrolls
 b - 2 scrolls of recharging {unknown}
 e - a scroll of enchant armour {unknown}
 j - a scroll of noise {unknown}
 l - 5 scrolls of teleportation {unknown}
 m - 3 scrolls of immolation {unknown}
 n - a scroll of fog {unknown}
 p - a scroll of random uselessness {unknown}
 q - 3 scrolls of enchant weapon {unknown}
 s - 3 scrolls of magic mapping {unknown}
 u - 3 scrolls of fear {unknown}
 A - a scroll of blinking {unknown}
Potions
 i - 7 potions of curing
 k - 2 potions of invisibility
 o - 2 potions of resistance
 w - a potion of mutation
 G - a potion of magic
Comestibles
 a - a royal jelly
 f - 5 bread rations
 r - 2 meat rations


   Skills:
 + Level 8.7(0.0) Fighting
 + Level 6.3(0.0) Maces & Flails
 + Level 7.1(0.0) Armour
 + Level 4.8(0.0) Dodging
 + Level 7.7(0.0) Shields


You had 9 spell levels left.
You didn't know any spells.

Dungeon Overview and Level Annotations

Branches:
Dungeon (7/15)             Temple (1/1) D:4

Altars:
Ashenzari
Cheibriados
Dithmenos
Fedhas
Gozag
Hepliaklqana
Kikubaaqudgha
Nemelex Xobeh
Okawaru
Qazlal
Ru
Sif Muna
Trog
Uskayaw
Vehumet
Xom
Zin
The Shining One

Annotations:
D:7 GlassEater's ghost, novice SpAs


Innate Abilities, Weirdness & Mutations

You are under a permanent stasis effect.
You can dig through walls and to a lower floor.
Your four strong arms can wield two-handed weapons with a shield.
You have a pair of large antennae on your head. (SInv)
You are partially covered in large bone plates. (SH +4)
Your system is resistant to poisons. (rPois)
Your spells are a little harder to cast, but a little more powerful.


Message History

The bullfrog hits you.
* * * LOW HITPOINT WARNING * * *
The bullfrog hits you but does no damage.
The bullfrog hits you.
* * * LOW HITPOINT WARNING * * *
The bullfrog hits you.
* * * LOW HITPOINT WARNING * * *
The bullfrog hits you but does no damage.
GlassEater's ghost says, "You're as good as gold."
The bullfrog hits you but does no damage.
The bullfrog hits you but does no damage.
GlassEater's ghost whispers, "You will understand me better in a moment."
The bullfrog hits you.
* * * LOW HITPOINT WARNING * * *
The bullfrog hits you.
* * * LOW HITPOINT WARNING * * *
The bullfrog hits you.
* * * LOW HITPOINT WARNING * * *
The bullfrog hits you.
You die...

.......#
#.#...#.........{
.#...#.#
##.#.#.######...
.....#.# ##.#.## #.#
.......# ##.## #.#
...##### #.# #.#
#### #.# #.########
#
#.#########.........
#
#.##.FW.o.oo..####.
# #.##@########.# #
#.##.# #.# .<
#####.##.# #.# ###
#.....##.# #o# #
#.######.# ###o# #
..####.######.#
#...# .
#...(.........#
#.### #
...####.######## #o#
#.# #.#


You could see a bullfrog, GlassEater's ghost and 3 orcs.

Vanquished Creatures
  Sigmund (D:4)
  A water moccasin (D:6)
  Duvessa (D:4)
  A black bear (D:6)
  3 ogres
  A necrophage (D:6)
  A phantom (D:5)
  A centaur (D:5)
  A gnoll sergeant (D:6)
  A bullfrog (D:6)
  Dowan (D:4)
  8 scorpions
  6 wights
  2 howler monkeys (D:7)
  A crimson imp (D:7)
  4 centaur zombies
  5 human zombies (Ossuary)
  3 hounds
  A gnoll shaman (D:4)
  3 orc priests
  A centaur skeleton (D:4)
  A jelly (D:7)
  2 iguanas
  Terence (D:3)
  3 orc wizards
  6 worker ants
  A big kobold zombie (Ossuary)
  Robin (D:3)
  3 mummies (Ossuary)
  18 gnolls
  4 adders
  2 scorpion zombies (Ossuary)
  A shadow imp (D:6)
  3 oozes
  4 worms
  3 dart slugs
  2 leopard geckos
  14 orcs
  5 ball pythons
  5 giant cockroaches
  3 gnoll zombies (Ossuary)
  13 goblins
  10 hobgoblins
  10 jackals
  6 quokkas
  A ball python skeleton (D:5)
  11 bats
  5 frilled lizards
  3 goblin zombies (Ossuary)
  3 hobgoblin zombies (Ossuary)
  A jackal skeleton (D:7)
  A jackal zombie (D:6)
  10 kobolds
  2 kobold zombies (Ossuary)
  An orc zombie (Ossuary)
  9 rats
215 creatures vanquished.

Vanquished Creatures (others)
  A goblin (D:3)
1 creature vanquished.

Grand Total: 216 creatures vanquished

Notes
Turn   | Place    | Note
-------+----------+-------------------------------------------
     0 | D:1      | GlassEater the Formicid Fighter began the quest for the Orb.
     0 | D:1      | Reached XP level 1. HP: 18/18 MP: 1/1
   143 | D:1      | Reached XP level 2. HP: 15/24 MP: 2/2
   393 | D:1      | Reached XP level 3. HP: 26/30 MP: 3/3
  1046 | D:2      | Reached skill level 4 in Fighting
  1215 | D:2      | Reached XP level 4. HP: 36/37 MP: 4/4
  1500 | D:2      | Reached XP level 5. HP: 16/43 MP: 5/5
  1840 | D:2      | Reached skill level 1 in Dodging
  2203 | D:3      | Noticed Terence
  2212 | D:3      | Killed Terence
  2560 | D:3      | Reached XP level 6. HP: 50/50 MP: 6/6
  2594 | D:3      | Noticed Robin
  2604 | D:3      | Killed Robin
  2613 | D:3      | Reached skill level 5 in Fighting
  3403 | D:4      | Noticed Sigmund
  3411 | D:4      | Killed Sigmund
  3411 | D:4      | Reached XP level 7. HP: 57/57 MP: 7/7
  3448 | D:4      | Found a staircase to the Ecumenical Temple.
  3467 | Temple   | Entered the Ecumenical Temple
  3617 | Temple   | Became a worshipper of Ashenzari the Shackled
  3754 | D:4      | Reached skill level 5 in Shields
  3819 | D:4      | Reached skill level 5 in Armour
  3893 | D:4      | Found a glowing golden altar of the Shining One.
  3950 | D:4      | Noticed Duvessa
  3950 | D:4      | Noticed Dowan
  3960 | D:4      | Killed Duvessa
  3960 | D:4      | Reached skill level 6 in Fighting
  3976 | D:4      | Killed Dowan
  3976 | D:4      | Reached XP level 8. HP: 24/64 MP: 8/8
  4886 | D:5      | Entered Level 5 of the Dungeon
  5339 | D:5      | Reached skill level 7 in Fighting
  5462 | D:5      | Reached * piety under Ashenzari
  6036 | D:5      | Found a blossoming altar of Fedhas.
  6080 | D:6      | Reached XP level 9. HP: 70/72 MP: 9/9
  6467 | D:6      | Reached skill level 5 in Maces & Flails
  7164 | D:6      | Found a glowing silver altar of Zin.
  7281 | D:6      | Reached skill level 8 in Fighting
  7560 | D:7      | Found a sand-covered staircase.
  7579 | Ossuary  | Entered an ossuary
  7639 | Ossuary  | Gained mutation: Your spells are a little harder to cast, but a little more powerful. [potion of mutation]
  7639 | Ossuary  | Gained mutation: You are partially covered in large bone plates. (SH +4) [potion of mutation]
  7639 | Ossuary  | Gained mutation: Your system is resistant to poisons. (rPois) [potion of mutation]
  7825 | Ossuary  | Reached XP level 10. HP: 27/81 MP: 10/10
  8346 | D:7      | Noticed GlassEater's ghost (novice SpAs)
  8575 | D:7      | Slain by a bullfrog

Vault maps used:
D:1:      kilobyte_arrival_exit_the_forest, minmay_pentomino_w2
D:2:      st_stairs_7, minmay_misc_feat_rows, kennysheep_generic_room_4
D:3:      minmay_misc_feat_room, uniq_terence, uniq_robin
D:4:      lemuel_doored_altar, first_bread, uniq_duvessa, uniq_sigmund
D:5:      fedhas_altar_3
D:6:      kennysheep_little_box
D:7:      nicolae_ossuary_entry_ruins, the_bakery
Temple:   regret_index_temple_sphere_string
Ossuary:  ossuary_minmay_scorpions

Skill      XL: |  1  2  3  4  5  6  7  8  9 10 |
---------------+-------------------------------+-----
Fighting       | 4 5 6 7 8 |  8.7
Shields        | 4 5 6 7 |  7.7
Armour         | 4 5 6 7 |  7.1
Dodging        | 1 2 3 4 |  4.8
Maces & Flails | 3 4 6 |  6.3

Action                   |  1- 3 |  4- 6 |  7- 9 | 10-12 || total
-------------------------+-------+-------+-------+-------++-------
Melee: Flail             |   141 |   107 |       |       ||   248
       Mace              |       |   103 |   252 |       ||   355
       Morningstar       |       |       |   168 |   290 ||   458
Invok: Curse Item        |       |       |     3 |     1 ||     4
  Use: Scroll            |       |       |     7 |     2 ||     9
       Potion            |       |       |     1 |     5 ||     6
  Eat: Chunk             |     1 |     8 |    11 |       ||    20
       Royal jelly       |       |       |     1 |       ||     1
       Meat ration       |       |       |       |     1 ||     1
Armor: Scale mail        |    57 |    76 |       |       ||   133
       Chain mail        |       |     2 |   180 |   114 ||   296
Dodge: Dodged            |    52 |    77 |   120 |    67 ||   316
Block: Shield            |   104 |   113 |   300 |   198 ||   715
